 Dungeon Crawl Stone Soup version 0.28-a0-1234-g826d19b2e0 (webtiles) character file.

Game seed: 11203625335614584915

190 ReteAZ the Covered (level 5, -2/46 HPs)
             Began as a Demigod Wanderer on Dec 24, 2021.
             Slain by Ijyb (5 damage)
             ... on level 4 of the Dungeon.
             The game lasted 00:04:38 (4166 turns).

ReteAZ the Covered (Demigod Wanderer)               Turns: 4166, Time: 00:04:38

Health: -2/46      AC: 11    Str: 17    XL:     5   Next: 17%
Magic:  7/7        EV:  8    Int: 11    God:
Gold:   55         SH:  0    Dex: 22    Spells: 4/4 levels left

rFire   . . .      SeeInvis .   r - +0 flail
rCold   . . .      Faith    .   (no shield)
rNeg    . . .      Spirit   .   d - +0 chain mail
rPois   .          Reflect  .   (no helmet)
rElec   .          Harm     .   (no cloak)
rCorr   .          Rampage  .   l - +0 pair of gloves
Will    .....                   (no boots)
Stlth   ..........              (no amulet)
HPRegen 0.15/turn               e - +6 ring of dexterity
MPRegen 0.10/turn               (no ring)

@: no status effects
A: high mp 1, forlorn, divine attributes
a: no special abilities


You were on level 4 of the Dungeon.
You visited 1 branch of the dungeon, and saw 4 of its levels.

You collected 55 gold pieces.

Inventory:

Hand Weapons
 a - a +0 dagger
 k - a +0 whip
 r - a +0 flail (weapon)
Armour
 d - a +0 chain mail (worn)
 l - a +0 pair of gloves (worn)
Jewellery
 e - a +6 ring of dexterity (left hand)
 g - a ring of fire
 q - a ring of ice
Scrolls
 h - 2 scrolls of identify {unknown}
 j - a scroll of enchant weapon {unknown}
 n - a scroll of summoning {unknown}
 o - 2 scrolls of teleportation {unknown}
 p - a scroll of fog {unknown}
Potions
 b - a potion of ambrosia {unknown}
 c - 2 potions of attraction
 f - 3 potions of curing {unknown}
 i - a potion of heal wounds {unknown}
 m - a potion of degeneration {unknown}
 s - a potion of brilliance {unknown}


   Skills:
 + Level 3.8 Fighting
 + Level 5.4 Armour
 + Level 2.9 Dodging
 - Level 1.0 Stealth


You had 4 spell levels left.
You didn't know any spells.
Your spell library contained the following spells:

 Spells                   Type           Power      Damage    Failure   Level
 Apportation              Tloc           0%         N/A       99%         1
 Alistair's Intoxication  Tmut/Pois      0%         N/A       100%        5


Dungeon Overview and Level Annotations

Branches:
Dungeon (4/15)             Temple (0/1) D:4

Annotations:
D:4 Eustachio, Ijyb


Innate Abilities, Weirdness & Mutations

You have an increased reservoir of magic. (+10% MP)
You shall have no god before yourself.
Your divine heritage dramatically boosts your attributes as you level up.


Message History

There is a stone staircase leading up here.
You start resting.
HP restored.
You see here a +0 club.
Things that are here:
a +0 club; 12 stones As you open the door, it creaks loudly!
Ijyb the Twisted Goblin comes into view.
She is wielding a +0 dagger and carrying a wand of mindburst (6).
Ijyb shouts!
You hear a shout!
An orc comes into view. It is wielding a +0 short sword.
Ijyb zaps a wand.
Your mind is blasted!
Found 2 gold pieces.
Things that are here:
a +0 club; 12 stones You see here a +0 club.
You barely miss the orc. The orc closely misses you.
You hit the orc.
The orc is severely wounded.
The orc hits you but does no damage. The orc hits you with a +0 short sword.
You sock the orc!
You kill the orc!
You barely miss Ijyb. Ijyb hits you with a +0 dagger.
You hit Ijyb.
Ijyb is moderately wounded.
Ijyb zaps a wand.
You struggle to resist.
Ijyb zaps a wand.
Your mind is blasted!
You hit Ijyb.
Ijyb is heavily wounded.
Ijyb zaps a wand.
Your mind is blasted!
You thump Ijyb!
Ijyb is severely wounded.
Ijyb hits you with a +0 dagger. x2
You hit Ijyb but do no damage.
Ijyb is severely wounded.
Ijyb zaps a wand.
Your mind is blasted!
* * * LOW HITPOINT WARNING * * *
You closely miss Ijyb.
Ijyb is severely wounded.
Ijyb hits you with a +0 dagger.
You die...

####### ... .....#..
.... ## #.##.# ..... #..
#.##.####.##### #...
#.#.........).# .....
+<.@.....<###)#
.$....####g.#.....#.#
#.....'..)........#)#
#.....#......⌠....#.#
###+###...........#.#
.........⌠.>.⌠..#.# #
.......<........#.#.####
...........⌠....#.#....#
..........##..#.....#


You could see Ijyb.

Vanquished Creatures
  A scorpion (D:2)
  5 adders
  3 worms
  3 dart slugs
  9 orcs
  5 endoplasms
  7 giant cockroaches
  4 goblins
  5 hobgoblins
  6 kobolds
  3 quokkas (D:2)
  A ball python (D:2)
  4 bats
  3 frilled lizards
  3 rats
62 creatures vanquished.

Vanquished Creatures (others)
  47 plants
47 creatures vanquished.

Grand Total: 109 creatures vanquished

Notes
Turn   | Place    | Note
-------+----------+-------------------------------------------
     0 | D:1      | ReteAZ the Demigod Wanderer began the quest for the Orb.
     0 | D:1      | ReteAZ set off with the following items: a +0 dagger, a
                  | potion of lignification, a potion of attraction, a +0 chain
                  | mail
     0 | D:1      | Reached XP level 1. HP: 18/18 MP: 3/3
   726 | D:1      | Reached XP level 2. HP: 25/25 MP: 4/4
  1544 | D:2      | Reached XP level 3. HP: 22/31 MP: 5/5
  1744 | D:2      | Noticed a scorpion
  1804 | D:2      | Killed a scorpion
  1805 | D:2      | Reached skill level 5 in Armour
  1805 | D:2      | Reached XP level 4. HP: 38/38 MP: 6/6
  3810 | D:4      | Found a staircase to the Ecumenical Temple.
  3857 | D:4      | Reached XP level 5. HP: 46/46 MP: 7/7
  3985 | D:4      | Noticed Eustachio
  4153 | D:4      | Noticed Ijyb
  4166 | D:4      | Slain by Ijyb

Illustrated notes

Levels and vault maps discovered:
D:1:      grunt_arrival_crossed_arrows, layout_basic
D:2:      layout_loops_corners, kennysheep_boxes
D:3:      layout_basic, mainiacjoe_overflow_alcove_4,
          shapermc_ecumenical_altar_acropolis, lightli_corner_chamber
D:4:      minmay_angry_zag, layout_basic, overflow_temple_1_default,
          grunt_temple_overflow_diamond, temple_fountains,
          sigmund_edmund_badplayer, uniq_eustachio, uniq_ijyb

Skill      XL: |  1  2  3 |
---------------+----------+-----
Fighting       | 3 |  3.8
Armour         | 5 |  5.4
Dodging        | 2 |  2.9
Stealth        | |  1.0

Action                   |  1- 3 |  4- 6 || total
-------------------------+-------+-------++-------
Melee: Dagger            |    47 |       ||    47
       Whip              |    92 |   118 ||   210
       Flail             |       |    53 ||    53
  Use: Potion            |     1 |       ||     1
Armor: Chain mail        |    81 |   104 ||   185
       Skin              |    15 |       ||    15
Dodge: Dodged            |    39 |    69 ||   108

Table legend: (Time is in decaauts)
 A = Elapsed time spent in this place.
 B = Non-inter-level travel time spent in this place.
 C = Inter-level travel time spent in this place.
 D = Time resting spent in this place.
 E = Time spent auto-exploring this place.
 F = Levels seen in this place.
 G = Mean time per level.
                   A        B        C        D        E       F      G
               +--------+--------+--------+--------+--------+-----+--------+
         Total |   4208 |   4010 |    198 |    201 |   3025 |   4 | 1052.0 |
       Dungeon |   4208 |   4010 |    198 |    201 |   3025 |   4 | 1052.0 |
               +--------+--------+--------+--------+--------+-----+--------+

Top non-repeatable levels by time:
     D:2: 1683 daAuts
     D:1: 1413 daAuts
     D:3: 785 daAuts
     D:4: 326 daAuts
